[Event "82. Deutsche Schach-Meisterschaft"]
[Site "Bonn/Germany"]
[Date "2011.05.27"]
[Round "2"]
[White "Aden, Dagmar"]
[Black "Klek, Hanna-Marie"]
[Result "1/2-1/2"]
[ECO "C50"]
[WhiteElo "1817"]
[BlackElo "2147"]
[PlyCount "100"]
[EventDate "2011.??.??"]
[TimeControl "40/5400+30:1800+30"]

1. e4 e5 2. Bc4 Nc6 3. Nf3 Bc5 4. O-O d6 5. h3 Nf6 6. c3 O-O 7. d4 Bb6 8. dxe5
Nxe4 9. exd6 Qxd6 10. Qxd6 Nxd6 11. Bb3 Bf5 12. Bf4 Ne4 13. Nbd2 Nc5 14. Bc4
Nd3 15. Bxd3 Bxd3 16. Rfe1 f6 17. Be3 Kf7 18. Bxb6 axb6 19. a3 Rfd8 20. Nb3 Rd7
21. Nbd4 Na5 22. Rad1 Bg6 23. Nh4 Nc4 24. b3 Nd6 25. Nxg6 hxg6 26. Nb5 Rad8 27.
Nxd6+ Rxd6 28. Rxd6 Rxd6 29. Re3 Rd1+ 30. Kh2 b5 31. a4 bxa4 32. bxa4 Rd5 33.
Kg3 Rc5 34. Rd3 Ke6 35. f3 Rd5 36. Re3+ Kd6 37. Re4 Rd3 38. Rb4 b6 39. Rg4 g5
40. h4 gxh4+ 41. Kxh4 Rxc3 42. Rxg7 c5 43. Rb7 Rb3 44. Kg4 c4 45. Kf4 Rb2 46.
g4 Kc6 47. Rf7 Re2 48. Rxf6+ Kc7 49. Rf7+ Kd6 50. Rf6+ Kc7 1/2-1/2

[Event "82. Deutsche Schach-Meisterschaft"]
[Site "Bonn/Germany"]
[Date "2011.05.27"]
[Round "2"]
[White "Andre, Gordon"]
[Black "Tischbierek, Raj"]
[Result "1/2-1/2"]
[ECO "D10"]
[WhiteElo "2363"]
[BlackElo "2431"]
[PlyCount "48"]
[EventDate "2011.??.??"]
[TimeControl "40/5400+30:1800+30"]

1. d4 d5 2. c4 c6 3. cxd5 cxd5 4. Bf4 Nf6 5. e3 Qb6 6. Nc3 Qxb2 7. Bb5+ Nc6 8.
Nge2 Qa3 9. O-O e6 10. Rb1 Qa5 11. Qc2 Bd7 12. Ba4 Bb4 13. a3 Bxc3 14. Nxc3 Rc8
15. Rfc1 Nd8 16. Bxd7+ Nxd7 17. Qb3 O-O 18. Nb5 Rxc1+ 19. Rxc1 Nc6 20. Nd6 Qd2
21. Qc2 Qxc2 22. Rxc2 Rb8 23. Kf1 f6 24. Nxb7 Rxb7 1/2-1/2

[Event "82. Deutsche Schach-Meisterschaft"]
[Site "Bonn/Germany"]
[Date "2011.05.27"]
[Round "2"]
[White "Bindrich, Falko"]
[Black "Rietze, Clemens"]
[Result "1-0"]
[ECO "B49"]
[WhiteElo "2547"]
[BlackElo "2283"]
[PlyCount "127"]
[EventDate "2011.??.??"]
[TimeControl "40/5400+30:1800+30"]

1. e4 c5 2. Nf3 e6 3. Nc3 Nc6 4. d4 cxd4 5. Nxd4 Qc7 6. Be3 a6 7. Be2 Nf6 8.
O-O Bb4 9. Nxc6 bxc6 10. f4 d5 11. e5 Nd7 12. Na4 Be7 13. c4 O-O 14. cxd5 cxd5
15. Rc1 Qb8 16. Qc2 Bd8 17. Qc6 Qb7 18. Qd6 Re8 19. Rc3 Be7 20. Qc6 Rb8 21.
Qxb7 Bxb7 22. Rc7 Bc8 23. Rfc1 f6 24. Ba7 Ra8 25. f5 fxe5 26. fxe6 Nf6 27. Nb6
Rxa7 28. Rxa7 Bxe6 29. Rc6 Bf8 30. Bxa6 e4 31. Ra8 Rxa8 32. Nxa8 Bd7 33. Rc1
Kf7 34. Nb6 Bf5 35. Bc8 Bg6 36. Nd7 Nxd7 37. Bxd7 Bb4 38. Kf2 Ke7 39. Bb5 Kd6
40. Rc6+ Ke5 41. a3 Be7 42. Rc7 Bg5 43. a4 Bd2 44. Re7+ Kd6 45. Rxg7 d4 46. Ke2
Bb4 47. Rd7+ Ke5 48. Rc7 Kd5 49. g4 Bc5 50. a5 d3+ 51. Kd1 e3 52. Rd7+ Ke6 53.
Rxd3 Bxd3 54. Bxd3 h6 55. Kc2 Bb4 56. a6 Bc5 57. Kb3 Kd5 58. h4 Kc6 59. g5 hxg5
60. hxg5 Bd4 61. g6 Bg7 62. Kc2 Kb6 63. b4 Ka7 64. Kd1 1-0

[Event "82. Deutsche Schach-Meisterschaft"]
[Site "Bonn/Germany"]
[Date "2011.05.27"]
[Round "2"]
[White "Dranov, Aleksandar"]
[Black "Natsidis, Christoph"]
[Result "1/2-1/2"]
[ECO "A17"]
[WhiteElo "2465"]
[BlackElo "2363"]
[PlyCount "63"]
[EventDate "2011.??.??"]
[TimeControl "40/5400+30:1800+30"]

1. c4 c5 2. Nf3 Nf6 3. g3 b6 4. Bg2 Bb7 5. Nc3 e6 6. O-O Be7 7. Re1 Ne4 8. Nxe4
Bxe4 9. d3 Bb7 10. e4 O-O 11. d4 cxd4 12. Nxd4 a6 13. Qg4 Re8 14. h4 Qc7 15. b3
Nc6 16. Nxc6 Bxc6 17. h5 Bf8 18. e5 Bxg2 19. Kxg2 b5 20. h6 g6 21. Bg5 bxc4 22.
bxc4 Rec8 23. Rad1 Rab8 24. Qf4 Rb4 25. Re4 Qb7 26. Kh2 Rb1 27. Rxb1 Qxb1 28.
Re3 Qf5 29. Qxf5 gxf5 30. Rd3 Rc7 31. g4 f6 32. Bxf6 1/2-1/2

[Event "82. Deutsche Schach-Meisterschaft"]
[Site "Bonn/Germany"]
[Date "2011.05.27"]
[Round "2"]
[White "Gschnitzer, Oswald"]
[Black "Pitschka, Claus"]
[Result "1-0"]
[ECO "D46"]
[WhiteElo "2444"]
[BlackElo "2276"]
[PlyCount "37"]
[EventDate "2011.??.??"]
[TimeControl "40/5400+30:1800+30"]

1. Nf3 d5 2. c4 c6 3. e3 Nf6 4. Nc3 e6 5. Qc2 Nbd7 6. d4 Bd6 7. Bd3 O-O 8. O-O
dxc4 9. Bxc4 e5 10. Bb3 exd4 11. exd4 Nb6 12. Bg5 Be7 13. Rfe1 Nfd5 14. Rxe7
Nxe7 15. Qe4 Re8 16. Re1 Be6 17. Bxe6 h6 18. Bxf7+ Kxf7 19. Qe6+ 1-0

[Event "82. Deutsche Schach-Meisterschaft"]
[Site "Bonn/Germany"]
[Date "2011.05.27"]
[Round "2"]
[White "Hoolt, Sarah"]
[Black "Frey, Alisa"]
[Result "1/2-1/2"]
[ECO "C55"]
[WhiteElo "2312"]
[BlackElo "2059"]
[PlyCount "151"]
[EventDate "2011.??.??"]
[TimeControl "40/5400+30:1800+30"]

1. e4 e5 2. Nf3 Nc6 3. Bc4 Nf6 4. d3 Be7 5. Bb3 O-O 6. O-O d6 7. c3 h6 8. Nbd2
Nh7 9. Nc4 Ng5 10. Nxg5 Bxg5 11. f4 exf4 12. Bxf4 Bxf4 13. Rxf4 Qg5 14. Qf1 Be6
15. d4 Ne7 16. Re1 Ng6 17. Rf3 Rae8 18. Rg3 Qh4 19. Qf3 Kh7 20. e5 dxe5 21.
Nxe5 Bxb3 22. axb3 Nxe5 23. dxe5 Qe7 24. b4 c6 25. Qg4 Rg8 26. Rge3 Qe6 27. Qd4
a6 28. Qb6 Re7 29. h3 Rge8 30. Qd4 Kg8 31. Qf4 Qd5 32. Kh2 Qe6 33. Rg3 Rd7 34.
Rg4 Rd5 35. Qg3 g6 36. Rge4 Kg7 37. Qe3 Qf5 38. Re2 Qh5 39. e6 fxe6 40. Rxe6
Rxe6 41. Qxe6 Qf5 42. Qe8 Rd7 43. Re7+ Rxe7 44. Qxe7+ Qf7 45. Qe5+ Qf6 46. Qb8
Qe7 47. Qg3 Kf7 48. Kg1 Kg7 49. Kf2 c5 50. bxc5 Qxc5+ 51. Ke1 Qb6 52. b4 h5 53.
Kd2 Kf7 54. Qf3+ Ke6 55. Kc2 Ke7 56. Qf4 Qc6 57. Qf2 Qe4+ 58. Kb2 Ke6 59. g3
Ke7 60. h4 Ke6 61. Qb6+ Kd7 62. Ka3 Qc6 63. Qe3 Qd5 64. Qf4 Qd3 65. Qe5 Qd6 66.
Qg5 Kc7 67. Qe3 Kd7 68. c4 a5 69. c5 axb4+ 70. Kxb4 Qc6 71. Qd4+ Kc7 72. Qg7+
Kc8 73. Qd4 Kc7 74. Qf4+ Kc8 75. Qc4 Kc7 76. Qf4+ 1/2-1/2

[Event "82. Deutsche Schach-Meisterschaft"]
[Site "Bonn/Germany"]
[Date "2011.05.27"]
[Round "2"]
[White "Khenkin, Igor"]
[Black "Jugelt, Tobias"]
[Result "1-0"]
[ECO "E27"]
[WhiteElo "2620"]
[BlackElo "2403"]
[PlyCount "41"]
[EventDate "2011.??.??"]
[TimeControl "40/5400+30:1800+30"]

1. d4 Nf6 2. c4 e6 3. Nc3 Bb4 4. f3 O-O 5. a3 Bxc3+ 6. bxc3 Ne8 7. e4 b6 8. Bd3
Nc6 9. Nh3 Ba6 10. O-O Na5 11. Qe2 c5 12. e5 f6 13. Ra2 Rc8 14. Rc2 Qe7 15. Re1
cxd4 16. cxd4 fxe5 17. dxe5 Qc5+ 18. Kh1 Bxc4 19. Qe4 g6 20. Ng5 Ng7 21. Qh4
1-0

[Event "82. Deutsche Schach-Meisterschaft"]
[Site "Bonn/Germany"]
[Date "2011.05.27"]
[Round "2"]
[White "Kohls, Vera"]
[Black "Reiter, Brigitte"]
[Result "0-1"]
[ECO "D02"]
[WhiteElo "1878"]
[BlackElo "1863"]
[PlyCount "106"]
[EventDate "2011.??.??"]
[TimeControl "40/5400+30:1800+30"]

1. Nf3 c6 2. d4 d5 3. c3 Bf5 4. Bg5 Qb6 5. Qc1 Nd7 6. Nbd2 e6 7. e3 Bd6 8. Nh4
Bg6 9. Nxg6 hxg6 10. e4 f6 11. Be3 O-O-O 12. e5 Be7 13. Qc2 f5 14. g3 Nh6 15.
Be2 Nf7 16. O-O-O g5 17. Kb1 Kb8 18. c4 g4 19. Qa4 Qb4 20. Qc2 Bg5 21. a3 Qb6
22. c5 Qc7 23. Qc3 Rh6 24. f4 Be7 25. Nf1 Rdh8 26. Rg1 g5 27. Qd2 Qd8 28. Rg2
gxf4 29. Bxf4 Bg5 30. Bd3 Bxf4 31. gxf4 Nf8 32. Qb4 Qe7 33. Rc1 Ng6 34. Qd2 Nh4
35. Rf2 Nf3 36. Rxf3 gxf3 37. Qe3 Rh3 38. Rc2 Nh6 39. b4 Ng4 40. Qc1 Nxh2 41.
b5 Nxf1 42. Bxf1 Rh2 43. Rc3 Rf2 44. Rc2 Rxc2 45. Kxc2 Rh2+ 46. Kc3 Qc7 47. Kb4
Rh1 48. Qe1 cxb5 49. Qf2 Qg7 50. Qxf3 Qg1 51. Bd3 Qxd4+ 52. Kb3 Rc1 53. Bxb5
Rb1+ 0-1

[Event "82. Deutsche Schach-Meisterschaft"]
[Site "Bonn/Germany"]
[Date "2011.05.27"]
[Round "2"]
[White "Krassowizkij, Jaroslaw"]
[Black "Kessler, Andreas"]
[Result "1/2-1/2"]
[ECO "A41"]
[WhiteElo "2356"]
[BlackElo "2167"]
[PlyCount "63"]
[EventDate "2011.??.??"]
[TimeControl "40/5400+30:1800+30"]

1. d4 g6 2. c4 Bg7 3. Nc3 d6 4. Nf3 Nc6 5. g3 Bg4 6. d5 Bxf3 7. exf3 Nd4 8. Bg2
c5 9. dxc6 Nxc6 10. O-O h5 11. Re1 Bxc3 12. bxc3 Qc7 13. c5 dxc5 14. Bf4 Qd7
15. Qb3 Kf8 16. Rad1 Qc8 17. Be3 b6 18. f4 Rb8 19. f5 Na5 20. Qc2 Qxf5 21. Be4
Qh3 22. Bf4 Rc8 23. Be5 Rh6 24. Qd2 Re8 25. Bd5 Rh7 26. c4 Qc8 27. Qf4 Qg4 28.
Qc1 Qc8 29. Rd3 Nc6 30. Bc3 Nb4 31. Bxb4 cxb4 32. Qb2 1/2-1/2

[Event "82. Deutsche Schach-Meisterschaft"]
[Site "Bonn/Germany"]
[Date "2011.05.27"]
[Round "2"]
[White "Lederle, Vitus"]
[Black "Bastian, Herbert"]
[Result "0-1"]
[ECO "B30"]
[WhiteElo "2226"]
[BlackElo "2332"]
[PlyCount "114"]
[EventDate "2011.??.??"]
[TimeControl "40/5400+30:1800+30"]

1. e4 c5 2. Nc3 Nc6 3. Bb5 d6 4. Nf3 e6 5. Bxc6+ bxc6 6. e5 d5 7. d3 Ne7 8. O-O
Ng6 9. Re1 Be7 10. Na4 O-O 11. b3 f6 12. Bb2 Rf7 13. Qd2 Bd7 14. Rad1 Qf8 15.
Rf1 d4 16. Rde1 Nxe5 17. Nxe5 fxe5 18. Rxe5 Bd6 19. Ree1 Qb8 20. h3 Qf8 21. Ba3
Rf5 22. Nb2 Bf4 23. Qe2 Qf6 24. Nc4 Rf8 25. Bc1 Bc7 26. Nd2 Qg6 27. Ne4 Rh5 28.
Kh1 e5 29. Ng3 Rh4 30. Qd2 Rhf4 31. Kg1 e4 32. Rxe4 Rxe4 33. Nxe4 Bf4 34. Qe1
Bxh3 35. Ng3 Re8 36. Bxf4 Rxe1 37. Rxe1 Be6 38. Ne4 Bd5 39. Bg3 h5 40. Kh2 Qh6
41. Nd6 h4 42. Re8+ Kh7 43. Be5 h3 44. gxh3 Qg6 45. Bg3 Qh5 46. Re7 Qg5 47. Re5
Qc1 48. Ne4 Qxc2 49. Ng5+ Kg6 50. h4 Qd1 51. h5+ Qxh5+ 52. Nh3 Qf3 53. Rg5+ Kf7
54. Be5 g6 55. Rg1 Qxd3 56. Rg4 Qe2 57. Ng5+ Ke8 0-1

[Event "82. Deutsche Schach-Meisterschaft"]
[Site "Bonn/Germany"]
[Date "2011.05.27"]
[Round "2"]
[White "Leveikina, Jevgenija"]
[Black "Vogel, Heike"]
[Result "0-1"]
[ECO "A43"]
[WhiteElo "2100"]
[BlackElo "2122"]
[PlyCount "46"]
[EventDate "2011.??.??"]
[TimeControl "40/5400+30:1800+30"]

1. d4 c5 2. d5 f5 3. Nc3 Nf6 4. Nf3 g6 5. g3 Bg7 6. Bg2 O-O 7. O-O d6 8. a4 h6
9. Nd2 e5 10. dxe6 Nc6 11. Nc4 Bxe6 12. Nxd6 Qe7 13. Ndb5 Rad8 14. Qe1 g5 15.
f4 g4 16. e4 fxe4 17. Nxe4 Bc4 18. Nd2 Bxf1 19. Qxe7 Nxe7 20. Bxf1 Nc6 21. c3
Rfe8 22. Nc7 Re1 23. Nb3 Rdd1 0-1

[Event "82. Deutsche Schach-Meisterschaft"]
[Site "Bonn/Germany"]
[Date "2011.05.27"]
[Round "2"]
[White "Lopatin, Olga"]
[Black "Nestuley, Nadezda"]
[Result "1-0"]
[ECO "E73"]
[WhiteElo "2125"]
[BlackElo "1736"]
[PlyCount "49"]
[EventDate "2011.??.??"]
[TimeControl "40/5400+30:1800+30"]

1. c4 Nf6 2. d4 g6 3. Nc3 Bg7 4. e4 d6 5. Be2 O-O 6. Be3 c6 7. h4 e5 8. h5 d5
9. hxg6 fxg6 10. cxd5 cxd5 11. exd5 exd4 12. Bxd4 Re8 13. Nf3 Bg4 14. O-O Nbd7
15. Qb3 Kh8 16. Ng5 Qb8 17. Ne6 Bxe2 18. Nxe2 Nb6 19. N2f4 Qd6 20. Qg3 Rxe6 21.
Nxe6 Qxd5 22. Rfe1 Re8 23. Re5 Qc6 24. Nxg7 Rxe5 25. Qxe5 1-0

[Event "82. Deutsche Schach-Meisterschaft"]
[Site "Bonn/Germany"]
[Date "2011.05.27"]
[Round "2"]
[White "Mass, Elvira"]
[Black "Schulz, Stefanie"]
[Result "1/2-1/2"]
[ECO "B22"]
[WhiteElo "1970"]
[BlackElo "2082"]
[PlyCount "37"]
[EventDate "2011.??.??"]
[TimeControl "40/5400+30:1800+30"]

1. e4 c5 2. c3 d5 3. exd5 Qxd5 4. Nf3 Nc6 5. d4 Bg4 6. Be2 e6 7. O-O Nf6 8. Be3
cxd4 9. cxd4 Bb4 10. Nc3 Qa5 11. Qb3 O-O 12. a3 Bxc3 13. bxc3 Qc7 14. h3 Bf5
15. c4 Na5 16. Qb4 Nc6 17. Qb3 Na5 18. Qb4 Nc6 19. Qb3 1/2-1/2

[Event "82. Deutsche Schach-Meisterschaft"]
[Site "Bonn/Germany"]
[Date "2011.05.27"]
[Round "2"]
[White "Mertens, Heiko"]
[Black "Huschenbeth, Niclas"]
[Result "0-1"]
[ECO "B93"]
[WhiteElo "2355"]
[BlackElo "2502"]
[PlyCount "138"]
[EventDate "2011.??.??"]
[TimeControl "40/5400+30:1800+30"]

1. e4 c5 2. Nf3 d6 3. d4 cxd4 4. Nxd4 Nf6 5. Nc3 a6 6. a4 g6 7. Be2 Bg7 8. O-O
O-O 9. Be3 Nc6 10. f4 Qc7 11. Kh1 Bd7 12. Nf3 Rac8 13. Nd2 Nb4 14. Ra3 Be6 15.
g4 h6 16. f5 Bd7 17. Rb3 a5 18. g5 hxg5 19. Bxg5 d5 20. Bf4 Qc5 21. e5 Bxf5 22.
exf6 Bxf6 23. Bh6 Bxc2 24. Qe1 Rfd8 25. Bg4 Rc6 26. Ra3 Nd3 27. Qe2 Nxb2 28.
Nb5 Bxa4 29. Rxa4 Nxa4 30. Nb3 Qc4 31. Nxa5 Qxe2 32. Bxe2 Re6 33. Bf3 b6 34.
Nb3 Rc6 35. Be3 Rc4 36. Nd2 Rb4 37. Nc7 Nc3 38. Ra1 Ne4 39. Rd1 Nxd2 40. Bxd2
Rb3 41. Rf1 Kg7 42. Bf4 e5 43. Bg3 Rc3 44. Na6 e4 45. Bg2 Rc4 46. Nc7 Bc3 47.
Nb5 f6 48. Bc7 Rd7 49. Bxb6 Rb4 50. Ba5 Rxb5 51. Bxc3 d4 52. Ba1 f5 53. Rd1 Kf7
54. Kg1 d3 55. Bf1 Rc5 56. h4 Rc2 57. Be5 Rb7 58. Bf4 Rcb2 59. Ra1 Rb1 60. Ra6
Rd1 61. Ra2 Rbb1 62. Rf2 Ke6 63. Kg2 Kd5 64. Bg5 Ke5 65. Bf4+ Kd4 66. Bd2 f4
67. Bxf4 e3 68. Ra2 Rd2+ 69. Rxd2 exd2 0-1

[Event "82. Deutsche Schach-Meisterschaft"]
[Site "Bonn/Germany"]
[Date "2011.05.27"]
[Round "2"]
[White "Mueller, Oliver"]
[Black "Buhmann, Rainer"]
[Result "1/2-1/2"]
[ECO "C13"]
[WhiteElo "2327"]
[BlackElo "2579"]
[PlyCount "61"]
[EventDate "2011.??.??"]
[TimeControl "40/5400+30:1800+30"]

1. e4 e6 2. d4 d5 3. Nc3 Nf6 4. Bg5 dxe4 5. Nxe4 Be7 6. Bxf6 gxf6 7. Nf3 f5 8.
Nc3 a6 9. Qe2 b5 10. Qe3 Nd7 11. O-O-O c6 12. Bd3 Bb7 13. Rhe1 Nf6 14. Ne5 Rg8
15. g3 Kf8 16. h3 Rg7 17. Kb1 Bb4 18. Be2 Qa5 19. Bf3 Bxc3 20. Qxc3 Qxc3 21.
bxc3 Nd5 22. Kb2 Ke7 23. c4 bxc4 24. Nxc4 Rb8 25. Na5 Ba8+ 26. Nb3 Rgg8 27. c4
Nb6 28. c5 Nd5 29. Bxd5 cxd5 30. Kc3 h5 31. Rb1 1/2-1/2

[Event "82. Deutsche Schach-Meisterschaft"]
[Site "Bonn/Germany"]
[Date "2011.05.27"]
[Round "2"]
[White "Poetsch, Hagen"]
[Black "Molinaroli, Martin"]
[Result "0-1"]
[ECO "B12"]
[WhiteElo "2424"]
[BlackElo "2286"]
[PlyCount "98"]
[EventDate "2011.??.??"]
[TimeControl "40/5400+30:1800+30"]

1. e4 c6 2. d4 d5 3. e5 Na6 4. c3 Nc7 5. Bd3 g6 6. Qf3 h5 7. Nh3 Bg4 8. Qg3 Qd7
9. Ng5 Nh6 10. h3 Bf5 11. Be2 O-O-O 12. Nd2 f6 13. Ngf3 g5 14. Nb3 h4 15. Qh2
b6 16. Be3 Bg6 17. c4 dxc4 18. Bxc4 Be4 19. Nbd2 Bd5 20. Bd3 Bg7 21. a4 g4 22.
exf6 exf6 23. Nxh4 gxh3 24. Qxh3 Be6 25. Qf3 Nf5 26. Bxf5 Bxf5 27. Rc1 Kb7 28.
Nc4 Nd5 29. Kd2 Bg4 30. Qg3 f5 31. Ng6 Nxe3 32. fxe3 Bxd4 33. Kc2 Rxh1 34. Rxh1
Bf6 35. Nge5 Qd5 36. Kb1 Be2 37. Qf4 Ka6 38. Re1 Re8 39. Rxe2 Qd1+ 40. Ka2 Bxe5
41. Nxe5 Qxe2 42. Qxf5 Qd1 43. b3 Qd2+ 44. Kb1 Qd5 45. Qf1+ b5 46. axb5+ cxb5
47. Nd3 Qxb3+ 48. Ka1 Qc3+ 49. Ka2 Rxe3 0-1

[Event "82. Deutsche Schach-Meisterschaft"]
[Site "Bonn/Germany"]
[Date "2011.05.27"]
[Round "2"]
[White "Schmidt, Jade"]
[Black "Freter, Anke"]
[Result "1-0"]
[ECO "D85"]
[WhiteElo "2075"]
[BlackElo "1954"]
[PlyCount "59"]
[EventDate "2011.??.??"]
[TimeControl "40/5400+30:1800+30"]

1. d4 Nf6 2. c4 g6 3. Nc3 d5 4. cxd5 Nxd5 5. Bd2 Bg7 6. e4 Nxc3 7. Bxc3 O-O 8.
Qd2 e5 9. d5 Qh4 10. Qc2 f5 11. Nf3 Qxe4+ 12. Qxe4 fxe4 13. Ng5 e3 14. fxe3 Bh6
15. Nf3 Bxe3 16. Bc4 Re8 17. Rd1 Bg4 18. d6+ Kg7 19. Nxe5 Bxd1 20. Kxd1 cxd6
21. Ng4+ Kf8 22. Rf1+ Ke7 23. Re1 Kd8 24. Nf6 Rf8 25. Rxe3 Nc6 26. Nxh7 Rf2 27.
Rg3 Kc7 28. Rxg6 Rf4 29. Be2 Re8 30. Nf6 1-0

[Event "82. Deutsche Schach-Meisterschaft"]
[Site "Bonn/Germany"]
[Date "2011.05.27"]
[Round "2"]
[White "Seel, Christian"]
[Black "Strache, Michael"]
[Result "1/2-1/2"]
[ECO "A16"]
[WhiteElo "2484"]
[BlackElo "2317"]
[PlyCount "112"]
[EventDate "2011.??.??"]
[TimeControl "40/5400+30:1800+30"]

1. Nf3 Nf6 2. c4 g6 3. Nc3 Bg7 4. g3 O-O 5. Bg2 d6 6. O-O c6 7. d3 a6 8. Bd2 b5
9. Qc1 bxc4 10. dxc4 Be6 11. b3 Qc8 12. Na4 Nfd7 13. Bh6 Bxa1 14. Qxa1 f6 15.
Bxf8 Kxf8 16. Qc1 Qb7 17. Qh6+ Kg8 18. Qe3 Nf8 19. Rd1 a5 20. h4 h5 21. Kh2 Ra6
22. Nd4 Bc8 23. Kg1 Kg7 24. Bf3 Qd7 25. Nc2 Qe6 26. Qd2 Qe5 27. Ne1 Bh3 28. Nd3
Qf5 29. Nf4 Bg4 30. Qe3 Kf7 31. Be4 Qc8 32. Kh2 Bf5 33. Bf3 e5 34. Nd3 Ne6 35.
Nc3 Nd4 36. Be4 Nd7 37. Qh6 Nf8 38. e3 Bxe4 39. Nxe4 Nf5 40. Qh8 Qd8 41. g4
hxg4 42. h5 Ra7 43. h6 Nxh6 44. Nxe5+ fxe5 45. Qxh6 d5 46. cxd5 cxd5 47. Kg3
Rd7 48. Ng5+ Kg8 49. Qh4 Rb7 50. Qxg4 Rb4 51. e4 d4 52. Rc1 Rb6 53. Rc8 Qf6 54.
Qh4 Rb7 55. Qg4 Rb6 56. Qh4 Rb7 1/2-1/2

[Event "82. Deutsche Schach-Meisterschaft"]
[Site "Bonn/Germany"]
[Date "2011.05.27"]
[Round "2"]
[White "Seger, Ruediger"]
[Black "Krause, Ullrich"]
[Result "1/2-1/2"]
[ECO "B22"]
[WhiteElo "2412"]
[BlackElo "2283"]
[PlyCount "101"]
[EventDate "2011.??.??"]
[TimeControl "40/5400+30:1800+30"]

1. e4 c5 2. c3 e6 3. d4 d5 4. exd5 exd5 5. Be3 c4 6. b3 cxb3 7. axb3 Nc6 8. Bd3
Nge7 9. Ne2 g6 10. O-O Bg7 11. Nd2 Bf5 12. Nf3 O-O 13. Nf4 Bxd3 14. Nxd3 a5 15.
Re1 b6 16. Nde5 Rc8 17. Qd3 f6 18. Nxc6 Rxc6 19. Rac1 Qd7 20. Bf4 Nf5 21. h3
Rcc8 22. c4 dxc4 23. bxc4 Rfd8 24. d5 Bf8 25. g4 Bd6 26. Bd2 Ng7 27. Nd4 Bc5
28. Bh6 Qd6 29. Rb1 Re8 30. Bxg7 Kxg7 31. Ne6+ Kf7 32. Kg2 a4 33. Re4 a3 34.
Qb3 Ra8 35. Re2 Re7 36. Qc3 a2 37. Ra1 Ra3 38. Qd2 Bxf2 39. Rxf2 Qg3+ 40. Kh1
Qxh3+ 41. Rh2 Qf3+ 42. Rg2 Qh3+ 43. Kg1 Rea7 44. Nf4 Qb3 45. Rf2 Qb1+ 46. Rf1
Rb3 47. Qd4 Qb2 48. Qxb2 Rxb2 49. Rf2 Rb1+ 50. Rf1 Rb2 51. Rf2 1/2-1/2

[Event "82. Deutsche Schach-Meisterschaft"]
[Site "Bonn/Germany"]
[Date "2011.05.27"]
[Round "2"]
[White "Svane, Rasmus"]
[Black "Stern, Rene"]
[Result "0-1"]
[ECO "E32"]
[WhiteElo "2297"]
[BlackElo "2483"]
[PlyCount "100"]
[EventDate "2011.??.??"]
[TimeControl "40/5400+30:1800+30"]

1. d4 Nf6 2. c4 e6 3. Nc3 Bb4 4. Qc2 O-O 5. e4 d5 6. e5 Ne4 7. Bd3 c5 8. a3
Bxc3+ 9. bxc3 cxd4 10. cxd4 Qa5+ 11. Bd2 Qxd2+ 12. Qxd2 Nxd2 13. Kxd2 dxc4 14.
Bxc4 Nc6 15. Ne2 Rd8 16. Ke3 Ne7 17. g4 Bd7 18. Rhd1 Bc6 19. Rac1 Nd5+ 20. Bxd5
Rxd5 21. Ng3 Ra5 22. Rd3 f6 23. f4 fxe5 24. fxe5 Rf8 25. Ne4 h6 26. Rcc3 Rb5
27. Rb3 Rxb3 28. Rxb3 Rf1 29. Nd2 Rh1 30. Nf3 Kf7 31. Kf2 Ke7 32. Kg2 Rd1 33.
Kf2 b6 34. Rc3 Kd7 35. Ke2 Rh1 36. Kf2 g5 37. Rd3 a5 38. Kg2 Rc1 39. Kf2 b5 40.
Rb3 Rd1 41. Ke3 a4 42. Rc3 Bxf3 43. Kxf3 Rxd4 44. h3 b4 45. axb4 Rxb4 46. Rd3+
Kc7 47. Rc3+ Kb7 48. Rc5 Rb6 49. Ke4 a3 50. Rc2 Ra6 0-1

[Event "82. Deutsche Schach-Meisterschaft"]
[Site "Bonn/Germany"]
[Date "2011.05.27"]
[Round "2"]
[White "Vatter, Hans-Joachim"]
[Black "Siebrecht, Sebastian"]
[Result "0-1"]
[ECO "B75"]
[WhiteElo "2326"]
[BlackElo "2460"]
[PlyCount "82"]
[EventDate "2011.??.??"]
[TimeControl "40/5400+30:1800+30"]

1. e4 c5 2. Nf3 g6 3. d4 cxd4 4. Nxd4 Bg7 5. Nc3 Nc6 6. Be3 d6 7. Qd2 Nf6 8. f3
a6 9. O-O-O Nxd4 10. Bxd4 Be6 11. g4 b5 12. Kb1 Qa5 13. b3 Qc7 14. h4 O-O 15.
h5 Rfc8 16. hxg6 hxg6 17. Bd3 b4 18. Na4 Rcb8 19. Rh4 Bd7 20. Rdh1 e5 21. Be3
Kf8 22. Bh6 Bxh6 23. Qxh6+ Ke7 24. Nb2 Be6 25. Qg5 a5 26. Bc4 a4 27. Bxe6 Kxe6
28. Nc4 Ra6 29. Ne3 Qa7 30. R4h2 Ra8 31. Rd1 Qc5 32. Nd5 Ng8 33. Rhd2 axb3 34.
cxb3 Rxa2 35. Rxa2 Rxa2 36. Rc1 Qf2 37. Nf4+ exf4 38. Qd5+ Kf6 39. Qxd6+ Kg5
40. Qe5+ Kh4 41. g5 Kg3 0-1

[Event "82. Deutsche Schach-Meisterschaft"]
[Site "Bonn/Germany"]
[Date "2011.05.27"]
[Round "2"]
[White "Weinmann, Helene"]
[Black "Ries, Jutta"]
[Result "1/2-1/2"]
[ECO "B50"]
[WhiteElo "1421"]
[BlackElo "1987"]
[PlyCount "101"]
[EventDate "2011.??.??"]
[TimeControl "40/5400+30:1800+30"]

1. e4 Nf6 2. Nc3 d6 3. Be2 g6 4. d3 Bg7 5. Nf3 c5 6. h3 Nc6 7. O-O O-O 8. Be3
Bd7 9. Qd2 Qb6 10. Rab1 Rfe8 11. d4 cxd4 12. Nxd4 Nxd4 13. Qxd4 Qxd4 14. Bxd4
Rec8 15. Bd3 a6 16. Bxf6 Bxf6 17. Nd5 Rd8 18. Nxf6+ exf6 19. Rfd1 Be6 20. b3 d5
21. exd5 Bxd5 22. c4 Bc6 23. Be2 Kf8 24. Rxd8+ Rxd8 25. Rd1 Rxd1+ 26. Bxd1 Ke7
27. f3 Kd6 28. Kf2 Kc5 29. a3 Kd4 30. Ke2 b5 31. c5 a5 32. Kd2 b4 33. a4 Bd5
34. g3 f5 35. h4 f6 36. f4 Be4 37. Be2 Kxc5 38. Ke3 Bd5 39. Bd1 Be6 40. Bc2 Bd5
41. Bd1 h6 42. Bc2 g5 43. Bd1 Be4 44. Be2 Bc2 45. Bc4 g4 46. Bf7 Be4 47. h5 Bc6
48. Kd3 Bf3 49. Ke3 Be4 50. Bc4 Bc6 51. Bf7 1/2-1/2

[Event "82. Deutsche Schach-Meisterschaft"]
[Site "Bonn/Germany"]
[Date "2011.05.27"]
[Round "2"]
[White "Zill, Christoph"]
[Black "Bracker, Frank"]
[Result "1-0"]
[ECO "B95"]
[WhiteElo "2278"]
[BlackElo "2355"]
[PlyCount "64"]
[EventDate "2011.??.??"]
[TimeControl "40/5400+30:1800+30"]

1. e4 c5 2. Nf3 d6 3. d4 cxd4 4. Nxd4 Nf6 5. Nc3 a6 6. Bg5 Nbd7 7. f3 e6 8. Qd2
Qc7 9. O-O-O Be7 10. Kb1 O-O 11. h4 b5 12. g4 Bb7 13. h5 b4 14. Nce2 d5 15.
Bxf6 Bxf6 16. g5 Be5 17. g6 Nc5 18. gxf7+ Rxf7 19. Bh3 Re8 20. Rhf1 a5 21. exd5
Bxd5 22. Qe3 Rb8 23. f4 Bxd4 24. Rxd4 Qb6 25. f5 Na4 26. b3 Nc5 27. h6 Rbf8 28.
Rg1 Qd6 29. fxe6 Rf3 30. Qg5 g6 31. Rxd5 Qh2 32. e7 Qxe2 1-0